[Event "Titled Tuesday Blitz May 9 Late 2023"]
[White "Kucuksari, Kaan"]
[Black "Ibrahimli, Murad"]
[WhiteFideId "6380166"]
[BlackFideId "13410229"]
[WhiteElo "2364"]
[BlackElo "2364"]
[Result "0-1"]
[Round "03"]
[TimeControl "180+2"]
[Date "2023.05.09"]
[WhiteClock "0:00:00"]
[BlackClock "0:00:16"]

1. d4 Nf6 2. c4 g6 3. g3 Bg7 4. Bg2 O-O 5. Nc3 Nc6 6. Nf3 d6 7. O-O e5 8. dxe5 dxe5 9. Bg5 Be6 10. Qc1 Bxc4 11. Rd1 Qe7 12. Nd2 Be6 13. Nde4 Rad8 14. Nxf6+ Bxf6 15. Bxf6 Qxf6 16. Bxc6 bxc6 17. Ne4 Rxd1+ 18. Qxd1 Qf5 19. Nc5 Bd5 20. Qa4 e4 21. Qxa7 e3 22. Nd3 Re8 23. f3 Qf6 24. Qxc7 g5 25. a4 Qd4 26. a5 Bxf3 27. Qb6 Qe4 28. Qb4 Bxe2 29. Qxe4 Rxe4 30. Nc5 Rc4 31. a6 Bf3 32. a7 Rc2 33. a8=Q+ Kg7 34. Qa3 Rg2+ 35. Kf1 Rf2+ 36. Ke1 Re2+ 37. Kf1 Rg2 38. Nd3 Rxh2 39. Qc3+ f6 40. Nf2 Rxf2+ 41. Kg1 Rg2+ 42. Kf1 Rf2+ 43. Ke1 Re2+ 44. Kd1 Rg2+ 45. Kc1 Rg1+ 46. Kc2 Rxa1 47. Qxe3 Bd5 48. Qe7+ Bf7 49. Qc5 Bd5 50. Qe7+ Bf7 51. Qc7 Ra4 52. b3 Ra2+ 53. Kc3 Ra3 54. Qxc6 Rxb3+ 55. Kd4 Rxg3 56. Ke4 Rg4+ 57. Ke3 Rf4 58. Qd6 h5 59. Qd2 h4 60. Qh2 Rf5 61. Ke4 Re5+ 62. Kd4 Re6 63. Qh3 Re7 64. Qg4 Be6 65. Qg2 h3 66. Qg3 Rd7+ 67. Ke3 Ra7 68. Kf2 Ra2+ 69. Ke1 h2 70. Qc7+ Bf7 71. Qb7 h1=Q+ 0-1


[Site "https://www.chess.com"]

[Event "Titled Tuesday Blitz May 9 Late 2023"]
[White "Kramnik, Vladimir"]
[Black "Averjanov, Alexey"]
[WhiteFideId "4101588"]
[BlackFideId "14109867"]
[WhiteElo "2703"]
[BlackElo "2693"]
[Result "1/2-1/2"]
[Round "03"]
[TimeControl "180+2"]
[Date "2023.05.09"]
[WhiteClock "0:00:11"]
[BlackClock "0:00:20"]

1. d4 d5 2. Nf3 Nf6 3. e3 e6 4. Bd3 Be7 5. O-O O-O 6. Nbd2 b6 7. e4 dxe4 8. Nxe4 Nbd7 9. Nxf6+ Nxf6 10. Qe2 Bb7 11. Rd1 Qc8 12. c4 Re8 13. b3 c5 14. Bb2 cxd4 15. Bxd4 Qc6 16. Qf1 Red8 17. Ne5 Qe8 18. Be2 Rd6 19. Bf3 Bxf3 20. Nxf3 Rad8 21. Be5 Rxd1 22. Rxd1 Rxd1 23. Qxd1 Qd7 24. Qe2 Kf8 25. h3 Ne8 26. Qe4 g6 27. g4 Bf6 28. Kg2 Bxe5 29. Nxe5 Qd6 30. Nf3 a5 31. Qd4 Qxd4 32. Nxd4 Ke7 33. Nb5 Nd6 34. Nc3 f5 35. Kf3 Kf6 36. Ke3 fxg4 37. hxg4 Kg5 38. Kf3 h5 39. gxh5 gxh5 40. Na4 Nc8 41. a3 h4 42. c5 bxc5 43. Nxc5 e5 44. b4 axb4 45. axb4 Nb6 46. b5 Kf5 47. Ne4 Ke6 48. Nc3 Kd6 49. Kg4 Kc5 50. Kxh4 Kc4 51. Ne4 Kxb5 52. Kg5 Kc6 53. Kf5 Kd5 54. Nf6+ Kd4 55. Ng4 Nc4 56. f3 Nd2 57. Nxe5 Nxf3 1/2-1/2


[Site "https://www.chess.com"]

[Event "Titled Tuesday Blitz May 9 Late 2023"]
[White "Mihajlov, Sebastian"]
[Black "Zhigalko, Sergei"]
[WhiteFideId "1512110"]
[BlackFideId "13502956"]
[WhiteElo "2478"]
[BlackElo "2626"]
[Result "0-1"]
[Round "03"]
[TimeControl "180+2"]
[Date "2023.05.09"]
[WhiteClock "0:00:05"]
[BlackClock "0:00:03"]

1. e4 c5 2. Nf3 Nc6 3. d4 cxd4 4. Nxd4 Nf6 5. Nc3 e5 6. Ndb5 d6 7. Bg5 a6 8. Na3 b5 9. Nd5 Be7 10. Bxf6 Bxf6 11. c3 Bg5 12. Nc2 Ne7 13. h4 Bh6 14. a4 bxa4 15. Ncb4 O-O 16. Qxa4 a5 17. Nxe7+ Qxe7 18. Nd5 Qd8 19. b4 Bd7 20. b5 Kh8 21. Be2 Be6 22. Rd1 Rc8 23. c4 Rc5 24. g3 f5 25. exf5 Bxf5 26. O-O Be4 27. f3 Bxd5 28. Rxd5 Be3+ 29. Kg2 Rxd5 30. cxd5 Ba7 31. Qc4 Bc5 32. f4 Re8 33. Bg4 e4 34. Be6 e3 35. Rf3 Qf6 36. Qe2 a4 37. Bd7 Rd8 38. Bc6 a3 39. Rf1 Qc3 40. Kf3 Rf8 41. Rd1 h6 42. Rd3 Qa1 43. Qd1 Qb2 44. Qe2 Qf6 45. h5 Qf5 46. Kg2 a2 47. Ra3 Qe4+ 48. Kh3 Bxa3 49. Qxa2 e2 50. Qxa3 e1=Q 51. Qxd6 Q1h1+ 52. Kg4 Qf5# 0-1


[Site "https://www.chess.com"]

[Event "Titled Tuesday Blitz May 9 Late 2023"]
[White "Tatarinov, Dmitry"]
[Black "Tari, Aryan"]
[WhiteFideId "24160067"]
[BlackFideId "1510045"]
[WhiteElo "2326"]
[BlackElo "2571"]
[Result "1-0"]
[Round "03"]
[TimeControl "180+2"]
[Date "2023.05.09"]
[WhiteClock "0:00:24"]
[BlackClock "0:00:03"]

1. e4 c6 2. Nf3 d5 3. Nc3 dxe4 4. Nxe4 Nf6 5. Qe2 Na6 6. Nxf6+ gxf6 7. d4 Nb4 8. c3 Nd5 9. g3 Bg4 10. Bg2 h5 11. h3 Bf5 12. Bd2 Qd7 13. c4 Nb6 14. b3 e6 15. Bc3 a5 16. O-O Be7 17. Rfe1 Bb4 18. Rac1 Qe7 19. Nh4 Bh7 20. d5 cxd5 21. cxd5 e5 22. Qb5+ Nd7 23. Qxb7 Rb8 24. Bxb4 Qxb4 25. Rc8+ Ke7 26. d6+ Qxd6 27. Rxb8 Rxb8 28. Qf3 Bg6 29. Rd1 Qc5 30. Nf5+ Bxf5 31. Qxf5 Nb6 32. Qxh5 a4 33. Qg4 axb3 34. axb3 Rd8 35. Rxd8 Kxd8 36. h4 Qc1+ 37. Kh2 Qd2 38. Qf3 Nd7 39. h5 Ke7 40. Qe3 Qc2 41. b4 Nf8 42. b5 Ne6 43. b6 Qb2 44. b7 Nd4 45. h6 Kf8 46. h7 Kg7 47. Qh6+ Kxh6 48. h8=Q+ Kg6 49. b8=Q Qxf2 50. Qbg8+ Kf5 51. Qh3# 1-0


[Site "https://www.chess.com"]

[Event "Titled Tuesday Blitz May 9 Late 2023"]
[White "Maatman, Nick"]
[Black "Ibarra Jerez, Jose Carlos"]
[WhiteFideId "1040391"]
[BlackFideId "2226332"]
[WhiteElo "2675"]
[BlackElo "2638"]
[Result "0-1"]
[Round "03"]
[TimeControl "180+2"]
[Date "2023.05.09"]
[WhiteClock "0:01:29"]
[BlackClock "0:02:47"]

1. d4 Nf6 2. c4 d6 3. Nc3 e5 4. Nf3 e4 5. Ng5 Qe7 6. g3 h6 7. Nh3 c6 8. Bg2 Bf5 9. O-O Qd7 10. Qb3 Bxh3 11. Bxh3 Qxh3 12. Qxb7 Ng4 13. Qc8+ Ke7 0-1


[Site "https://www.chess.com"]

[Event "Titled Tuesday Blitz May 9 Late 2023"]
[White "Matinian, Nikita"]
[Black "Kamsky, Gata"]
[WhiteFideId "24129100"]
[BlackFideId "2000024"]
[WhiteElo "2422"]
[BlackElo "2660"]
[Result "1-0"]
[Round "03"]
[TimeControl "180+2"]
[Date "2023.05.09"]
[WhiteClock "0:00:18"]
[BlackClock "0:00:00"]

1. e4 c5 2. Nf3 e6 3. d4 cxd4 4. Nxd4 a6 5. Nc3 b5 6. Bd3 Qb6 7. Nb3 Qc7 8. O-O Nc6 9. Re1 Nge7 10. Qh5 Ng6 11. a4 b4 12. Nd5 Qb8 13. a5 exd5 14. exd5+ Nce7 15. Bg5 f6 16. Bxg6+ hxg6 17. Qxh8 fxg5 18. Re3 Bb7 19. Rae1 Kf7 20. Nc5 Qc7 21. d6 Qxc5 22. dxe7 Kf6 23. e8=Q Rxe8 24. Rxe8 Kf7 25. Qxf8+ Qxf8 26. Rxf8+ Kxf8 27. c3 bxc3 28. bxc3 Kf7 29. Rb1 Bd5 30. Rb6 Bc4 31. f3 g4 32. fxg4 g5 33. Kf2 1-0


[Site "https://www.chess.com"]

[Event "Titled Tuesday Blitz May 9 Late 2023"]
[White "Pichot, Alan"]
[Black "Volkov, Maksim"]
[WhiteFideId "110973"]
[BlackFideId "54123070"]
[WhiteElo "2573"]
[BlackElo "2297"]
[Result "0-1"]
[Round "03"]
[TimeControl "180+2"]
[Date "2023.05.09"]
[WhiteClock "0:00:01"]
[BlackClock "0:00:36"]

1. e4 e6 2. d4 d5 3. Nc3 Bb4 4. e5 c5 5. a3 Bxc3+ 6. bxc3 Qa5 7. Bd2 Qa4 8. Qb1 c4 9. h4 Nc6 10. h5 h6 11. g3 Nge7 12. Bh3 Bd7 13. f4 O-O-O 14. Nf3 f6 15. Ra2 Rdf8 16. O-O b6 17. Qe1 Kb7 18. exf6 Rxf6 19. Ne5 Nd8 20. Qb1 Be8 21. Qb4 Qxb4 22. axb4 Bxh5 23. Rfa1 Nc8 24. Bg2 Nc6 25. b5 Nxe5 26. dxe5 Rff8 27. Bh3 Re8 28. Be3 Bg6 29. Bd4 Be4 30. Re1 g5 31. Rxe4 dxe4 32. f5 g4 33. Bxg4 Rhg8 34. Bh5 exf5 35. Bxe8 Rxe8 36. Kf2 Ne7 37. Ra4 Ng6 38. Rxc4 Nxe5 39. Ra4 Ng4+ 40. Ke2 h5 41. Ra1 Re7 42. Rh1 Rh7 43. Rh4 Kc7 44. c4 Kd6 45. Kd2 Ke6 46. Kc3 Kf7 47. c5 bxc5 48. Bxc5 Ke6 49. Kb4 Kd5 50. c4+ Ke5 51. Kc3 e3 52. Bd4+ Ke4 53. Rh1 Rd7 54. Bc5 e2 55. Re1 Kf3 56. Kc2 Ne3+ 57. Kb3 Ng2 58. Rg1 e1=Q 59. Rxe1 Nxe1 60. Ka4 Nd3 61. Bg1 Kxg3 62. Ka5 f4 63. Ka6 f3 64. Bxa7 Rxa7+ 0-1


[Site "https://www.chess.com"]

[Event "Titled Tuesday Blitz May 9 Late 2023"]
[White "Xiong, Jeffery"]
[Black "Annaberdiyev, Meylis"]
[WhiteFideId "2047640"]
[BlackFideId "14000563"]
[WhiteElo "2726"]
[BlackElo "2416"]
[Result "1-0"]
[Round "03"]
[TimeControl "180+2"]
[Date "2023.05.09"]
[WhiteClock "0:01:25"]
[BlackClock "0:00:00"]

1. d4 Nf6 2. Nf3 g6 3. Nbd2 Bg7 4. e4 d6 5. Bd3 O-O 6. O-O Nc6 7. c3 e5 8. dxe5 Nxe5 9. Nxe5 dxe5 10. Nc4 Nh5 11. g3 Be6 12. Qe2 Qe7 13. Be3 Rad8 14. Na5 Bc8 15. b4 b6 16. Nc6 Qf6 17. Nxd8 Rxd8 18. Rfd1 Bh3 19. f3 Qe7 20. Bb5 Rf8 21. Bc6 f5 22. Rd7 Qf6 23. Rxc7 f4 24. Bf2 fxg3 25. hxg3 Qg5 26. Kh2 Nf4 27. Qc4+ Be6 28. Bd5 Qh5+ 29. Kg1 Nxd5 30. exd5 Qxf3 31. dxe6 Qxf2+ 32. Kh1 Qf3+ 33. Kh2 Qh5+ 34. Kg2 Qf3+ 35. Kh3 Rf4 36. e7+ Rxc4 37. e8=Q+ Bf8 38. Qe6+ 1-0


[Site "https://www.chess.com"]

[Event "Titled Tuesday Blitz May 9 Late 2023"]
[White "Lewicki, Miroslaw"]
[Black "Salinas Herrera, Pablo"]
[WhiteFideId "1113380"]
[BlackFideId "3407128"]
[WhiteElo "2212"]
[BlackElo "2546"]
[Result "0-1"]
[Round "03"]
[TimeControl "180+2"]
[Date "2023.05.09"]
[WhiteClock "0:00:00"]
[BlackClock "0:00:56"]

1. g3 d5 2. Bg2 c6 3. Nf3 Bg4 4. O-O e6 5. b3 Nd7 6. Bb2 Ngf6 7. d4 Be7 8. Nbd2 O-O 9. h3 Bh5 10. c4 a5 11. a4 Qb6 12. c5 Qc7 13. g4 Bg6 14. Nh4 Nxg4 15. hxg4 Bxh4 16. e4 Qf4 17. e5 f6 18. exf6 Bxf6 19. Qe2 Rae8 20. Qe3 Qxg4 21. Qg3 Qxg3 22. fxg3 e5 23. Bh3 Rf7 24. Rae1 e4 25. Bc3 Nf8 26. Nf3 Ne6 27. Bxe6 Rxe6 28. Ne5 Rfe7 29. Kg2 Bh5 0-1


[Site "https://www.chess.com"]

[Event "Titled Tuesday Blitz May 9 Late 2023"]
[White "Ohanyan, Emin"]
[Black "Arabidze, Meri"]
[WhiteFideId "13312022"]
[BlackFideId "13604040"]
[WhiteElo "2411"]
[BlackElo "2405"]
[Result "0-1"]
[Round "03"]
[TimeControl "180+2"]
[Date "2023.05.09"]
[WhiteClock "0:00:01"]
[BlackClock "0:00:16"]

1. e4 c5 2. Nf3 e6 3. d4 cxd4 4. Nxd4 Nc6 5. Nc3 a6 6. Nxc6 bxc6 7. Bd3 d5 8. O-O Nf6 9. e5 Nd7 10. Re1 Qc7 11. Bf4 Be7 12. Qg4 g5 13. Bd2 Nxe5 14. Qg3 f6 15. f4 Nxd3 16. cxd3 O-O 17. h4 Kh8 18. hxg5 fxg5 19. Re5 Bf6 20. Rae1 Bd7 21. fxg5 Bxe5 22. Rxe5 Be8 23. Bf4 Qf7 24. Ne2 c5 25. Re3 Kg8 26. Rf3 Qh5 27. Be5 Rxf3 28. gxf3 Qf7 29. Nf4 Qf5 30. Ng2 Bg6 31. d4 c4 32. Qf2 Qc2 33. Nf4 Qxf2+ 34. Kxf2 Bf5 35. Ke3 a5 36. Kd2 Kf7 37. Ne2 Kg6 38. f4 Kh5 39. Nc3 Kg4 40. a4 Ra7 41. Nb5 Rb7 42. Kc3 Kf3 43. Bc7 Bd3 44. Bxa5 Kxf4 45. Bb4 Kxg5 46. Nd6 Rb8 47. a5 Ra8 48. Nb5 h5 49. Nc7 Ra7 50. Nxe6+ Kf5 51. Ng7+ Rxg7 52. Bc5 Rg8 53. a6 Ra8 54. a7 h4 55. Bd6 Rxa7 56. Bb8 Rb7 0-1


[Site "https://www.chess.com"]

[Event "Titled Tuesday Blitz May 9 Late 2023"]
[White "Riehle, Marco"]
[Black "Jaracz, Pawel"]
[WhiteFideId "12904392"]
[BlackFideId "1102222"]
[WhiteElo "2462"]
[BlackElo "2438"]
[Result "0-1"]
[Round "03"]
[TimeControl "180+2"]
[Date "2023.05.09"]
[WhiteClock "0:00:17"]
[BlackClock "0:01:13"]

1. e4 c6 2. c4 d5 3. cxd5 cxd5 4. exd5 Nf6 5. Nc3 Nxd5 6. Nf3 e6 7. d4 Bb4 8. Bd2 Nc6 9. Bd3 Be7 10. O-O Nf6 11. Bg5 h6 12. Bh4 O-O 13. Rc1 b6 14. Ne5 Bb7 15. Nxc6 Bxc6 16. Bb1 Rc8 17. Qd3 g6 18. Rfe1 Nh5 19. Bg3 Nxg3 20. hxg3 Bf6 21. Rxe6 Qxd4 22. Rd6 Qxd3 23. Rxd3 Be4 24. Re3 Bxb1 25. Rxb1 Bxc3 26. bxc3 Rc7 27. Rb3 Rd8 28. Re2 Rd1+ 29. Kh2 Rc1 30. g4 R1xc3 31. Rxc3 Rxc3 32. f3 Kg7 33. Kg3 g5 34. Rd2 b5 35. Rd5 a6 36. Rd6 Ra3 37. Rd2 Kf6 38. Re2 a5 39. Rb2 b4 40. Re2 Rc3 41. Rd2 Ke6 42. Re2+ Kd6 43. Rd2+ Kc6 44. Re2 a4 45. Re4 Kb5 46. Re5+ Rc5 47. Re7 b3 48. axb3 axb3 49. Rxf7 Kb4 50. Rb7+ Rb5 51. Re7 b2 52. Re1 Kc3 53. Rb1 Kc2 54. Rxb2+ Rxb2 55. f4 Rb3+ 56. Kf2 gxf4 0-1


[Site "https://www.chess.com"]

[Event "Titled Tuesday Blitz May 9 Late 2023"]
[White "Seemann, Jakub"]
[Black "Bachmann, Axel"]
[WhiteFideId "21874697"]
[BlackFideId "3700488"]
[WhiteElo "2364"]
[BlackElo "2605"]
[Result "1-0"]
[Round "03"]
[TimeControl "180+2"]
[Date "2023.05.09"]
[WhiteClock "0:00:05"]
[BlackClock "0:00:22"]

1. e4 Nc6 2. d4 d6 3. Nc3 Nf6 4. f4 e5 5. Nf3 exd4 6. Nxd4 g6 7. Be2 Bg7 8. Nxc6 bxc6 9. O-O O-O 10. Bf3 Rb8 11. Rb1 Nd7 12. Be3 Nb6 13. Qd3 Re8 14. b3 c5 15. Rfe1 Bb7 16. Bf2 Qf6 17. Ne2 c4 18. bxc4 Ba6 19. Bd4 Qe6 20. Bxg7 Kxg7 21. Qd4+ Qf6 22. Qxf6+ Kxf6 23. c5 Bxe2 24. Rxe2 Nc4 25. Rb3 Kg7 26. cxd6 cxd6 27. Kf2 Rec8 28. g3 Rb6 29. Ke1 Ra6 30. c3 Rc5 31. Rc2 Na3 32. Rc1 Nb5 33. Be2 Ra5 34. Bxb5 Raxb5 35. Rxb5 Rxb5 36. Kd2 h5 37. Rc2 h4 38. Kd3 Rb1 39. gxh4 Kf6 40. Kc4 Rf1 41. Kd5 Rxf4 42. Kxd6 Rxe4 43. c4 Rd4+ 44. Kc7 Rxh4 45. c5 Ke5 46. c6 a5 47. Kb7 f5 48. c7 Rh8 49. c8=Q Rxc8 50. Kxc8 f4 51. Kb7 Ke4 52. a4 Kd3 53. Ra2 g5 54. Kb6 1-0


[Site "https://www.chess.com"]

[Event "Titled Tuesday Blitz May 9 Late 2023"]
[White "Wieczorek, Oskar"]
[Black "Kravtsiv, Martyn"]
[WhiteFideId "1133950"]
[BlackFideId "14113147"]
[WhiteElo "2418"]
[BlackElo "2695"]
[Result "1-0"]
[Round "03"]
[TimeControl "180+2"]
[Date "2023.05.09"]
[WhiteClock "0:00:21"]
[BlackClock "0:00:04"]

1. e4 e5 2. Nf3 Nc6 3. Nc3 Nf6 4. h3 d5 5. exd5 Nxd5 6. Bb5 Nxc3 7. bxc3 Bd6 8. O-O O-O 9. d4 exd4 10. cxd4 h6 11. c4 Nb4 12. a3 c6 13. Ba4 Na6 14. Bc2 Bc7 15. Qd3 f5 16. Re1 Qf6 17. Rb1 Rb8 18. Bb2 Qf7 19. Ne5 Bxe5 20. Rxe5 Nc7 21. Rbe1 Re8 22. d5 Bd7 23. d6 Ne6 24. Rxf5 Qg6 25. Qc3 Nf4 26. Rxe8+ Rxe8 27. Rxf4 Qg5 28. h4 Re1+ 29. Qxe1 Qxf4 30. Qe7 Qf7 31. Bh7+ 1-0


[Site "https://www.chess.com"]

[Event "Titled Tuesday Blitz May 9 Late 2023"]
[White "Kobo, Ori"]
[Black "benny_aizenberg"]
[WhiteFideId "2812320"]
[WhiteElo "2454"]
[BlackElo "2642"]
[Result "1-0"]
[Round "03"]
[TimeControl "180+2"]
[Date "2023.05.09"]
[WhiteClock "0:00:23"]
[BlackClock "0:00:00"]

1. e4 c5 2. Nc3 Nc6 3. Bb5 Nd4 4. Nf3 a6 5. Bd3 Nc6 6. O-O e6 7. b3 g5 8. Bb2 Bg7 9. Na4 Bxb2 10. Nxb2 g4 11. Ne1 h5 12. f3 Qg5 13. Qe2 b5 14. c3 Bb7 15. Qf2 Qg7 16. Qxc5 Nge7 17. f4 h4 18. a4 Rb8 19. axb5 axb5 20. Nc2 O-O 21. Bxb5 f5 22. e5 g3 23. h3 Ng6 24. Nc4 Nce7 25. Nd6 Nd5 26. Qd4 Bc6 27. Bxc6 dxc6 28. c4 Nde7 29. b4 Nc8 30. c5 Nge7 31. Ne3 Nd5 32. Nxd5 cxd5 33. Rfc1 Qc7 34. Kh1 Ne7 35. b5 Nc8 36. b6 Qc6 37. Qa4 Qxa4 38. Rxa4 Ne7 39. b7 Nc6 40. Ra6 Nb4 41. Rb6 Nd3 42. Rc3 Nxf4 43. c6 d4 44. Rc1 Nd5 45. Rb5 Nc7 46. Rb4 f4 47. Rxd4 f3 48. Rg4+ Kh7 49. Rxh4+ Kg6 50. Rg4+ Kh5 51. Rxg3 f2 52. Rf1 Nd5 53. Ne4 Kh4 54. Rg4+ Kh5 55. Kh2 Nb4 56. Nf6+ Rxf6 57. exf6 Nxc6 58. Rxf2 Ne5 59. Re4 Nf7 60. Rxe6 Rxb7 61. Re7 1-0


[Site "https://www.chess.com"]

[Event "Titled Tuesday Blitz May 9 Late 2023"]
[White "Pakleza, Zbigniew"]
[Black "Martinez Reyes, Pedro Ramon"]
[WhiteFideId "1119290"]
[BlackFideId "3901807"]
[WhiteElo "2410"]
[BlackElo "2340"]
[Result "1/2-1/2"]
[Round "03"]
[TimeControl "180+2"]
[Date "2023.05.09"]
[WhiteClock "0:00:03"]
[BlackClock "0:00:13"]

1. d4 d5 2. Bf4 c5 3. e3 Nf6 4. c3 Nc6 5. Nd2 cxd4 6. cxd4 a6 7. Bd3 Bg4 8. Ngf3 e6 9. h3 Bxf3 10. Qxf3 Bb4 11. Qe2 Qa5 12. a3 Rc8 13. Rc1 Be7 14. O-O O-O 15. Nb3 Qb6 16. Nc5 Rfd8 17. b4 h6 18. Rc2 Bd6 19. Bxd6 Rxd6 20. Rfc1 Rdd8 21. Nxb7 Nxd4 22. exd4 Rxc2 23. Rxc2 Qxb7 24. Bxa6 Qb6 25. Qd3 Ne4 26. b5 Qa5 27. Kh2 h5 28. h4 Rb8 29. f3 Nd6 30. Qc3 Qd8 31. g3 Nxb5 32. Bxb5 Rxb5 33. Qc8 Qxc8 34. Rxc8+ Kh7 35. Rc2 Ra5 36. Ra2 Ra4 37. Kg2 Rxd4 38. a4 Rb4 39. a5 Rb7 40. a6 Ra7 41. Kf2 Kg6 42. Ke3 e5 43. Ra5 Kf5 44. Kd3 Ke6 45. Kc3 Kd6 46. Kb4 Kc6 47. Rc5+ Kd6 48. Ra5 Kc6 49. Rc5+ Kd6 50. Ra5 1/2-1/2


[Site "https://www.chess.com"]

[Event "Titled Tuesday Blitz May 9 Late 2023"]
[White "Hambleton, Aman"]
[Black "tufferguy"]
[WhiteFideId "2606577"]
[WhiteElo "2511"]
[BlackElo "2575"]
[Result "1-0"]
[Round "03"]
[TimeControl "180+2"]
[Date "2023.05.09"]
[WhiteClock "0:00:08"]
[BlackClock "0:00:07"]

1. d4 e6 2. Bf4 f5 3. e3 Nf6 4. h3 b6 5. Nf3 Bb7 6. c3 d6 7. a4 a5 8. Na3 Qe7 9. Nb5 g6 10. Bc4 Na6 11. Qb3 d5 12. Be2 Bg7 13. Nxc7+ Nxc7 14. Qxb6 Na6 15. Bd6 Nd7 16. Bb5 Kf7 17. Bxd7 Qxd7 18. Be5 Rhc8 19. Ng5+ Kg8 20. Bxg7 Rc6 21. Qxa5 Nc5 22. Qb5 Ba6 23. Qa5 Nd3+ 24. Kd2 Kxg7 25. b4 Nb2 26. Ke1 Nc4 27. Qc5 Rxc5 28. dxc5 e5 29. f3 d4 30. cxd4 exd4 31. Rd1 Nxe3 32. Rd2 Qxa4 33. Kf2 Qxb4 34. Rxd4 Qxd4 35. Ne6+ Kf6 36. Nxd4 Nd5 37. Re1 Nb4 38. Re6+ Kf7 39. Rd6 Rc8 40. Rd7+ Kf6 41. Rd6+ Kf7 42. Ke3 Bc4 43. Rd7+ Kf6 44. c6 Nxc6 45. Rd6+ Be6 46. Rxe6+ Kf7 47. Rxc6 Re8+ 48. Kf2 Rd8 49. Ne2 Rd3 50. Rc4 Ra3 51. Rd4 Kf6 52. h4 h6 53. Rd6+ Kf7 54. Nf4 g5 55. hxg5 hxg5 56. Nh3 g4 57. fxg4 fxg4 58. Nf4 Rb3 59. Rg6 g3+ 60. Rxg3 Rb2+ 61. Kf3 Kf6 62. Rg6+ Kf5 63. g4+ Ke5 64. Nd3+ 1-0


[Site "https://www.chess.com"]

[Event "Titled Tuesday Blitz May 9 Late 2023"]
[White "Ozdemir, Serhan Berat"]
[Black "Aydincelebi, Kagan"]
[WhiteFideId "6374611"]
[BlackFideId "6361102"]
[WhiteElo "2015"]
[BlackElo "2180"]
[Result "1/2-1/2"]
[Round "03"]
[TimeControl "180+2"]
[Date "2023.05.09"]
[WhiteClock "0:00:02"]
[BlackClock "0:00:19"]

1. e4 c5 2. Nf3 Nc6 3. Bb5 g6 4. Bxc6 dxc6 5. d3 Bg7 6. h3 Nf6 7. Nc3 Nd7 8. Be3 e5 9. Qd2 h6 10. O-O Qe7 11. Nh2 Nf8 12. f4 exf4 13. Bxf4 Ne6 14. Bg3 Nd4 15. Rae1 Be6 16. e5 O-O 17. Ne4 Nf5 18. Bf2 b6 19. Ng4 Rad8 20. Ngf6+ Kh8 21. g4 Nd4 22. Be3 c4 23. Bxh6 cxd3 24. cxd3 Bxa2 25. Qg5 Bxf6 26. Nxf6 Qc5 27. Bxf8 Nf3+ 28. Kg2 Nxg5 29. Bxc5 bxc5 30. h4 Ne6 31. Ne4 Kg7 32. Nd6 Rd7 33. h5 Ng5 34. Kg3 Be6 35. hxg6 fxg6 36. Rf2 Nf7 37. Nxf7 Rxd3+ 38. Rf3 Rxf3+ 39. Kxf3 Kxf7 40. Rc1 Bd5+ 41. Ke3 c4 42. Ra1 Ke6 43. Kd4 c5+ 44. Kxc5 Kxe5 45. Re1+ Be4 46. Kxc4 Kf4 47. Rg1 g5 48. Kb5 Bd3+ 49. Kc6 Be2 50. Kb7 a6 51. Kb6 Kf3 52. b4 Kf2 53. Rc1 Bxg4 54. Kxa6 Be2+ 55. b5 g4 56. Ka5 g3 57. b6 Bf3 58. Rc2+ Kf1 59. Rc3 Kf2 60. Rc2+ Kf1 61. Rc3 Kf2 62. Rc2+ 1/2-1/2


[Site "https://www.chess.com"]

[Event "Titled Tuesday Blitz May 9 Late 2023"]
[White "Rodriguez Fontecha, Marcos"]
[Black "Sieciechowicz, Marcin"]
[WhiteFideId "2256576"]
[BlackFideId "1130170"]
[WhiteElo "2249"]
[BlackElo "2302"]
[Result "0-1"]
[Round "03"]
[TimeControl "180+2"]
[Date "2023.05.09"]
[WhiteClock "0:00:19"]
[BlackClock "0:00:38"]

1. Nf3 Nf6 2. g4 Nxg4 3. e4 d5 4. exd5 Qxd5 5. Nc3 Qe6+ 6. Be2 g6 7. d4 Bg7 8. Rg1 Nf6 9. Ne5 O-O 10. Bf4 c6 11. Qd2 Nd5 12. Nxd5 cxd5 13. O-O-O Nc6 14. Nf3 Bd7 15. Ng5 Qf6 16. c3 Bf5 17. Nf3 Rac8 18. Bg5 Nb4 19. Qf4 Nxa2+ 20. Kd2 Qb6 21. Ke1 Qxb2 22. Kf1 Nxc3 23. Rd2 Nxe2 24. Rxb2 Nxf4 25. Bxf4 b5 26. Kg2 a6 27. Ra1 Be4 28. Be3 Rc3 29. Rxa6 Bxf3+ 30. Kxf3 Bxd4 31. Rxb5 Bxe3 32. fxe3 d4 33. Re5 Rxe3+ 34. Rxe3 dxe3 35. Ra7 e6 0-1


[Site "https://www.chess.com"]

[Event "Titled Tuesday Blitz May 9 Late 2023"]
[White "Kuznetsov, Felix"]
[Black "Ronka, Erik"]
[WhiteFideId "34147990"]
[BlackFideId "505080"]
[WhiteElo "2281"]
[BlackElo "2264"]
[Result "1-0"]
[Round "03"]
[TimeControl "180+2"]
[Date "2023.05.09"]
[WhiteClock "0:00:26"]
[BlackClock "0:00:05"]

1. f4 d5 2. Nf3 Nf6 3. g3 g6 4. Bg2 Bg7 5. O-O O-O 6. d3 c5 7. Nc3 d4 8. Na4 Qc7 9. c4 Nbd7 10. a3 Nb6 11. b4 Nxa4 12. Qxa4 Nd7 13. Bd2 Bh6 14. Qc2 Rb8 15. f5 Bxd2 16. Qxd2 Ne5 17. fxg6 Nxf3+ 18. Rxf3 hxg6 19. Qh6 Qe5 20. Raf1 Be6 21. Rf4 Qg7 22. Qxg7+ Kxg7 23. bxc5 Rfc8 24. Bd5 Bxd5 25. cxd5 f6 26. d6 Rxc5 27. dxe7 f5 28. Rxd4 Re8 29. Rd7 Re5 30. Rxb7 Rxe2 31. Rxa7 Rd2 32. Rd7 Kf7 33. Re1 Ra2 34. d4 Rxa3 35. d5 g5 36. d6 f4 37. gxf4 gxf4 38. Rd8 Ra7 39. Rxe8 Kxe8 40. Kf2 Rd7 41. Re6 Rb7 42. Kf3 Rd7 43. Kxf4 Rb7 44. Ke5 Rd7 45. Rh6 Ra7 46. Rh8+ Kf7 47. e8=Q+ Kg7 48. Qg8# 1-0


[Site "https://www.chess.com"]

[Event "Titled Tuesday Blitz May 9 Late 2023"]
[White "Bluebaum, Matthias"]
[Black "Hjartarson, Johann"]
[WhiteFideId "24651516"]
[BlackFideId "2300044"]
[WhiteElo "2639"]
[BlackElo "2407"]
[Result "1/2-1/2"]
[Round "03"]
[TimeControl "180+2"]
[Date "2023.05.09"]
[WhiteClock "0:00:07"]
[BlackClock "0:00:11"]

1. d4 Nf6 2. c4 e6 3. Nc3 Bb4 4. e3 O-O 5. Bd2 d5 6. Nf3 Nbd7 7. Rc1 c6 8. Bd3 Re8 9. O-O Bd6 10. e4 dxe4 11. Nxe4 Nxe4 12. Bxe4 Nf6 13. Bb1 c5 14. Bg5 h6 15. Bh4 cxd4 16. Qxd4 e5 17. Qc3 Qe7 18. Rfe1 Bb4 19. Qc2 Bxe1 20. Bxf6 Qxf6 21. Qh7+ Kf8 22. Rxe1 g6 23. Qxh6+ Qg7 24. Qe3 Kg8 25. Be4 f6 26. Qd3 Be6 27. Bxg6 Red8 28. Qe4 Rac8 29. b3 Rc7 30. h4 Rcd7 31. Kh2 Rd4 32. Nxd4 Rxd4 33. Bf5 Bxc4 34. Qf3 Bd5 35. Qg3 Rxh4+ 36. Bh3 Qxg3+ 37. Kxg3 Rd4 38. Rc1 Bc6 39. Rc2 Kf7 40. Bc8 Kg6 41. f3 f5 42. Be6 Kg5 43. Bc4 Rd1 44. Be2 Rd4 45. Kf2 f4 46. a3 Kf6 47. b4 Ke7 48. b5 Bd5 49. Rc7+ Kd6 50. Rh7 Ra4 51. Rh6+ Kc5 52. g3 fxg3+ 53. Kxg3 Rxa3 54. Rh5 Kd4 55. Kf2 a5 56. bxa6 bxa6 57. Rh8 a5 58. Rd8 Ra2 59. Ke1 Ke3 60. Rxd5 Rxe2+ 61. Kd1 Kxf3 62. Rxa5 e4 63. Ra8 Rb2 64. Rf8+ Ke3 65. Re8 Rb1+ 66. Kc2 Rh1 67. Re7 Kf3 68. Kd2 Rh2+ 69. Ke1 Ke3 70. Kd1 Ra2 71. Re8 Ra1+ 72. Kc2 Re1 73. Re7 Kf3 74. Kd2 Re2+ 75. Kd1 Ke3 76. Rxe4+ Kxe4 77. Kxe2 1/2-1/2


[Site "https://www.chess.com"]